 Dungeon Crawl Stone Soup version 0.21.1-1-g345015f (webtiles) character file.

386 johnjohn the Chopper (level 6, -13/57 HPs)
             Began as a Hill Orc Fighter on May 18, 2018.
             Mangled by Crazy Yiuf
             ... wielding a +4 quarterstaff of chaos
              (15 damage)
             ... on level 4 of the Dungeon on May 26, 2018.
             The game lasted 00:18:20 (4327 turns).

johnjohn the Chopper (Hill Orc Fighter)             Turns: 4327, Time: 00:18:21

Health: -13/57     AC:  9    Str: 19    XL:     6   Next: 78%
Magic:  6/6        EV:  4    Int:  8    God:
Gold:   189        SH:  9    Dex: 12    Spells: 5/5 levels left

rFire    . . .     SeeInvis +   a - +0 war axe
rCold    . . .     Gourm    .   c - +0 shield
rNeg     . . .     Faith    .   y - +1 chain mail "Tibyss" {-Tele +Fly MR++ SInv}
rPois    .         Spirit   .   (no helmet)
rElec    .         Reflect  .   r - scarf {repulsion}
rCorr    .         Harm     .   (no gloves)
MR       ++...     NoTele   +   (no boots)
Stlth    ..........             (no amulet)
HPRegen  0.19/turn              (no ring)
MPRegen  0.10/turn              (no ring)

@: drained, repel missiles
A: no striking features
a: Evoke Flight


You were on level 4 of the Dungeon.
You were near starving.

You visited 1 branch of the dungeon, and saw 4 of its levels.

You collected 189 gold pieces.

Inventory:

Hand Weapons
 a - a +0 war axe (weapon)
Armour
 b - a +0 scale mail
 c - a +0 shield (worn)
 r - a scarf of repulsion (worn)
 y - the +1 chain mail "Tibyss" (worn) {-Tele +Fly MR++ SInv}
   (You found it on level 4 of the Dungeon)

   It affects your resistance to hostile enchantments.
   It lets you see invisible.
   It lets you fly.
   It prevents most forms of teleportation.
Wands
 k - a wand of flame (29)
 t - a wand of enslavement (9)
Scrolls
 e - 3 scrolls of identify
 h - 2 scrolls of teleportation
 n - a scroll of fear {unknown}
 w - a scroll of amnesia
Potions
 d - a potion of might
 g - a potion of brilliance {unknown}
 i - 3 potions of curing
 j - a potion of agility {unknown}
 l - a potion of haste {unknown}
 m - 2 potions of mutation {unknown}
 p - 2 potions of invisibility {unknown}
 q - 2 potions of flight {unknown}
 s - a potion of cancellation {unknown}
 u - a potion of heal wounds {unknown}
 x - a potion of lignification {unknown}
Books
 o - a book of Maledictions

   Spells                             Type                      Level
   a - Corona                         Hexes                        1
   b - Ensorcelled Hibernation        Hexes/Ice                    2
   c - Confuse                        Hexes                        3
   d - Tukima's Dance                 Hexes                        3
   e - Dazzling Spray                 Conjuration/Hexes            3
Comestibles
 f - 5 rations


   Skills:
 + Level 5.9(5.2) Fighting
 * Level 7.6(6.8) Axes
 - Level 3.3(2.6) Armour
 - Level 3.3(2.6) Shields


You had 5 spell levels left.
You didn't know any spells.

Dungeon Overview and Level Annotations

Branches:
Dungeon (4/15)
 Temple: D:4-7

Altars:
Gozag

Annotations:
D:3 Rekenzichi's ghost, amateur MfWn; Sigmund
D:4 Crazy Yiuf


Message History

Crazy Yiuf hits you with a quarterstaff of chaos!
* * * LOW HITPOINT WARNING * * *
Crazy Yiuf burns you.
* * * LOW HITPOINT WARNING * * *
You closely miss Crazy Yiuf.
Crazy Yiuf is severely wounded.
You block Crazy Yiuf's attack.
Your shield and chain mail "Tibyss" prevent you from hitting Crazy Yiuf.
Crazy Yiuf is severely wounded.
You block Crazy Yiuf's attack.
You closely miss Crazy Yiuf.
Crazy Yiuf is severely wounded.
Crazy Yiuf hits you with a quarterstaff of chaos!
* * * LOW HITPOINT WARNING * * *
You feel drained.
* * * LOW HITPOINT WARNING * * *
You barely miss Crazy Yiuf.
Crazy Yiuf is severely wounded.
Crazy Yiuf hits you with a quarterstaff of chaos!
You die...

#.###.#.#
###....#####.....##
#.##..#.# #....#
##...## #.##.##.#
#....#######+##
#.##.####
#######....#)#
#....# ####.#.#####
####.# #.#......
#.#### #####
#........ ##....##
###..)# ####.....###
#......####.'@g.#
#........###
####.......#..##...#
#...........
..........#.########
######...###
#############
#...### #......
#.##### #.# #.# #.#


You could see Crazy Yiuf.

Vanquished Creatures
  2 scorpions (D:4)
  A bullfrog skeleton (D:4)
  Ijyb (D:3)
  2 worker ants (D:4)
  Robin (D:4)
  7 adders
  An ooze (D:2)
  An adder skeleton (D:4)
  2 worms (D:2)
  A dart slug (D:2)
  3 leopard geckos
  5 orcs (D:3)
  4 ball pythons
  3 giant cockroaches
  12 goblins
  13 hobgoblins
  2 jackals (D:3)
  A quokka (D:2)
  5 bats (D:2)
  5 frilled lizards
  11 kobolds
  5 rats
88 creatures vanquished.

Notes
Turn   | Place    | Note
-------+----------+-------------------------------------------
     0 | D:1      | johnjohn the Hill Orc Fighter began the quest for the Orb.
     0 | D:1      | Reached XP level 1. HP: 19/19 MP: 1/1
   180 | D:1      | Reached skill level 3 in Axes
   329 | D:1      | Reached XP level 2. HP: 27/27 MP: 2/2
   781 | D:2      | Reached skill level 4 in Axes
   781 | D:2      | Reached XP level 3. HP: 31/33 MP: 3/3
  1026 | D:2      | Reached XP level 4. HP: 30/41 MP: 4/4
  1252 | D:2      | Reached skill level 5 in Axes
  1443 | D:2      | Found an opulent altar of Gozag.
  1715 | D:3      | Noticed Sigmund
  1770 | D:3      | HP: 2/41 [ball python (1)]
  2218 | D:3      | Noticed Ijyb
  2242 | D:3      | Killed Ijyb
  2242 | D:3      | Reached XP level 5. HP: 47/47 MP: 5/5
  2380 | D:3      | Noticed Rekenzichi's ghost (amateur MfWn)
  2493 | D:3      | Reached skill level 5 in Fighting
  2908 | D:4      | Reached skill level 6 in Axes
  2990 | D:4      | Reached XP level 6. HP: 26/56 MP: 6/6
  3520 | D:4      | Noticed Robin
  3546 | D:4      | Killed Robin
  3546 | D:4      | Reached skill level 7 in Axes
  3704 | D:4      | Got a smoking chain mail
  3715 | D:4      | Identified the cursed +1 chain mail "Tibyss" {-Tele +Fly MR++ SInv} (You found it on level 4 of the Dungeon)
  4155 | D:4      | Found a runed door.
  4315 | D:4      | Noticed Crazy Yiuf
  4326 | D:4      | HP: 2/57 [Crazy Yiuf/quarterstaff of chaos (1)]
  4327 | D:4      | Mangled by Crazy Yiuf

Skill      XL: |  1  2  3  4  5  6 |
---------------+-------------------+-----
Axes           | 3 4 5 6 7 |  7.6
Fighting       | 4 5 |  5.9
Armour         | |  3.3
Shields        | |  3.3

Action                   |  1- 3 |  4- 6 || total
-------------------------+-------+-------++-------
Melee: War axe           |    86 |   233 ||   319
  Use: Scroll            |       |     5 ||     5
  Eat: Chunk             |       |     3 ||     3
       Ration            |       |     2 ||     2
Armor: Scale mail        |    40 |    83 ||   123
       Chain mail        |       |     8 ||     8
Dodge: Dodged            |    23 |    70 ||    93
       Deflected         |       |     1 ||     1
Block: Shield            |    59 |   102 ||   161
